 Dungeon Crawl Stone Soup version 0.29-a0-575-g0dc89cf053 (webtiles) character file.

Game seed: 13398297745695464035

4328 KristoblXynda the Carver (level 10, -4/90 HPs)
             Began as a Red Draconian Gladiator on June 13, 2022.
             Was an Initiate of Gozag.
             Slain by a yak (5 damage)
             ... on level 9 of the Dungeon.
             The game lasted 00:10:37 (11321 turns).

KristoblXynda the Carver (Red Draconian Gladiator) Turns: 11321, Time: 00:10:37

Health: -4/90      AC:  8    Str: 18    XL:     10   Next: 12%
Magic:  10/10      EV: 15    Int: 11    God:    Gozag
Gold:   153        SH:  0    Dex: 13    Spells: 9/9 levels left

rFire   + . .      SeeInvis .   a - +1 long sword (venom)
rCold   . . .      Faith    .   (no shield)
rNeg    + . .      Spirit   .   (body armour unavailable)
rPois   .          Reflect  .   b - +0 hat
rElec   .          Harm     .   (no cloak)
rCorr   .          Rampage  .   n - +0 pair of gloves
Will    .....                   (no boots)
Stlth   +.........              o - amulet of the acrobat
HPRegen 0.25/turn               r - ring of positive energy
MPRegen 0.12/turn               (no ring)

@: short of breath, gold aura, hasted, very quick
A: breathe fire, AC +7, unfitting armour, fire resistance 1, cold-blooded
a: Breathe Fire, Renounce Religion, Potion Petition, Call Merchant, Bribe Branch


You were on level 9 of the Dungeon.
You worshipped Gozag.
Gozag was aware of your devotion.
You visited 2 branches of the dungeon, and saw 10 of its levels.

You collected 1137 gold pieces.
You spent 256 gold pieces at shops.
You paid 728 gold pieces to Gozag.

Inventory:

Hand Weapons
 a - a +1 long sword of venom (weapon)
Missiles
 c - 3 throwing nets (quivered)
 d - 6 javelins
Armour
 b - a +0 hat (worn)
 n - a +0 pair of gloves (worn)
Jewellery
 o - an amulet of the acrobat (around neck)
 r - a ring of positive energy (left hand)
Wands
 y - a wand of paralysis (4)
 D - a wand of digging (12)
Scrolls
 e - a scroll of summoning
 f - a scroll of enchant weapon
 i - 3 scrolls of immolation
 k - a scroll of blinking {unknown}
 m - 8 scrolls of teleportation
 p - 2 scrolls of magic mapping
 q - a scroll of amnesia {unknown}
 s - 3 scrolls of silence {unknown}
 t - a scroll of fog
Potions
 g - 2 potions of invisibility
 j - 5 potions of curing
 l - 2 potions of brilliance
 v - a potion of attraction {unknown}
 w - 4 potions of mutation {unknown}
 x - a potion of flight {unknown}
 z - 2 potions of haste
 A - 2 potions of might {unknown}
 C - a potion of degeneration {unknown}
 E - 2 potions of cancellation {unknown}


   Skills:
 + Level 8.4 Fighting
 + Level 10.4 Long Blades
 - Level 2.0 Throwing
 + Level 7.3 Dodging
 + Level 2.7 Evocations


You had 9 spell levels left.
You didn't know any spells.
Your spell library contained the following spells:

 Spells                   Type           Power      Damage    Failure   Level
 Beastly Appendage        Tmut           0%         N/A       34%         1
 Summon Small Mammal      Summ           0%         N/A       34%         1
 Wereblood                Tmut           0%         N/A       47%         2
 Call Canine Familiar     Summ           0%         N/A       71%         3
 Spider Form              Tmut/Pois      0%         N/A       71%         3
 Summon Guardian Golem    Hex/Summ       0%         N/A       71%         3


Dungeon Overview and Level Annotations

Branches:
Dungeon (9/15)             Temple (1/1) D:5
   Lair: D:8-11         Orc: D:9-12

Altars:
Ashenzari
Cheibriados
Dithmenos
Elyvilon
Gozag
Hepliaklqana
Kikubaaqudgha
Makhleb
Nemelex Xobeh
Okawaru
Qazlal
Ru
Sif Muna
Trog
Uskayaw
Vehumet
Wu Jian
Xom
Yredelemnul
Zin
The Shining One

Shops:
D:3 *[***   D:7 *


Innate Abilities, Weirdness & Mutations

You can breathe blasts of fire.
Your fiery red scales are hard. (AC +7)
You cannot fit into any form of body armour.
Your flesh is heat resistant. (rF+)
You are cold-blooded and may be slowed by cold attacks.


Message History

Aiming: Breathe Fire (3% risk of failure)
Press: ? - help, Shift-Dir - straight line, f - yak
Aim: a yak (81% to hit)
You breathe a blast of fire.
The fiery breath hits the yak!
The yak is almost dead.
The fiery breath hits the yak.
The yak is lightly wounded.
The yak gores you.
* * * LOW HITPOINT WARNING * * *
The yak is engulfed in blazing flames.
You closely miss the yak.
The yak is no longer distracted by gold.
You tail-slap the yak.
The yak is moderately wounded.
The yak gores you!
* * * LOW HITPOINT WARNING * * *
The yak gores you!
* * * LOW HITPOINT WARNING * * *
The yak is engulfed in blazing flames.
The yak is distracted by your dazzling golden aura.
The yak bellows!
Unknown command.
Okay, then. [a] - 432 gold - heal wounds, curing and haste [b] - 960 gold - resistance, might, haste, heal wounds, curing and magic [c] - 250 gold - haste Purchase which effect?
You don't have enough gold for that! [a] - 432 gold - heal wounds, curing and haste [b] - 960 gold - resistance, might, haste, heal wounds, curing and magic [c] - 250 gold - haste Purchase which effect?
You no longer have enough gold to petition Gozag for potion effects.
You feel yourself speed up.
You kill the yak!
The yak is engulfed in blazing flames.
You kill the yak!
The yak gores you.
You die...
Your body crumbles into a pile of gold.

#.# #.# #.# #.# #####
#.# .# ...# #.# ..
#..######.#####.### ##
...>Y○$@Y.........#
#########.......#.######
#########.......
########


You could see 2 yaks.

Vanquished Creatures
  A troll (D:5)
  A hornet (D:8)
  A wraith (D:7)
  7 yaks (D:9)
  Eustachio (D:6)
  Grum (D:8)
  A water moccasin (D:6)
  A centaur (D:8)
  4 wolves
  A phantom (D:4)
  3 bullfrogs
  2 necrophages (D:7)
  5 scorpions
  2 wights
  16 killer bees
  A howler monkey (D:6)
  4 hounds
  2 orc priests
  5 iguanas
  4 orc wizards
  Robin (D:2)
  9 adders
  11 gnolls
  3 shadow imps
  An ufetubus (D:5)
  2 worms
  3 dart slugs
  20 orcs
  4 bats
  7 endoplasms
  6 giant cockroaches
  23 goblins
  9 hobgoblins
  3 quokkas
  11 ball pythons
  5 frilled lizards
  9 kobolds
  10 rats
200 creatures vanquished.

Vanquished Creatures (others)
  A demonic plant (D:1)
  6 plants
7 creatures vanquished.

Grand Total: 207 creatures vanquished

Notes
Turn   | Place    | Note
-------+----------+-------------------------------------------
     0 | D:1      | KristoblXynda the Draconian Gladiator began the quest for
                  | the Orb.
     0 | D:1      | Reached XP level 1. HP: 17/17 MP: 1/1
   298 | D:1      | Reached XP level 2. HP: 25/25 MP: 2/2
   674 | D:1      | Found a faded altar of an unknown god.
   821 | D:1      | Reached XP level 3. HP: 29/30 MP: 3/3
  1621 | D:2      | Reached skill level 4 in Long Blades
  1621 | D:2      | Reached XP level 4. HP: 38/38 MP: 4/4
  1721 | D:2      | Noticed Robin
  1771 | D:2      | Killed Robin
  2330 | D:2      | Found a radiant altar of Vehumet.
  2582 | D:3      | Found Woegom's Assorted Antiques.
  2678 | D:3      | Found a shimmering blue altar of Sif Muna.
  2798 | D:3      | Reached XP level 5. HP: 32/45 MP: 5/5
  2800 | D:3      | Found Capeal Kae's Assorted Antiques.
  3080 | D:3      | Found Cisaefoi's Assorted Antiques.
  3451 | D:3      | Found Dixijukk's Armour Boutique.
  3452 | D:3      | Found Ydupt's Assorted Antiques.
  3522 | D:4      | Reached skill level 5 in Long Blades
  3533 | D:4      | Noticed a phantom
  3551 | D:4      | Killed a phantom
  3552 | D:4      | Reached XP level 6. HP: 29/52 MP: 6/6
  3627 | D:4      | Found a glowing silver altar of Zin.
  4560 | D:5      | Entered Level 5 of the Dungeon
  4952 | D:5      | Your scales start taking on a fiery red colour.
  4952 | D:5      | Reached XP level 7. HP: 60/60 MP: 7/7
  4952 | D:5      | Gained mutation: Your flesh is heat resistant. (rF+) [Red
                  | Draconian growth]
  5032 | D:5      | Reached skill level 6 in Long Blades
  5074 | D:5      | Found a staircase to the Ecumenical Temple.
  5318 | D:5      | Noticed a troll
  5333 | D:5      | Killed a troll
  5334 | D:5      | Reached skill level 5 in Fighting
  5963 | D:5      | Found a white marble altar of Elyvilon.
  5970 | D:5      | Found a snail-covered altar of Cheibriados.
  5973 | D:5      | Found a burning altar of Makhleb.
  6042 | Temple   | Entered the Ecumenical Temple
  6101 | Temple   | Became a worshipper of Gozag Ym Sagoz the Greedy
  6144 | D:6      | Noticed Eustachio
  6150 | D:6      | Found a hide-covered altar of Uskayaw.
  6163 | D:6      | Killed Eustachio
  6164 | D:6      | Reached skill level 7 in Long Blades
  6225 | D:6      | Reached skill level 5 in Dodging
  6225 | D:6      | Reached XP level 8. HP: 43/69 MP: 8/8
  6836 | D:6      | Found an ornate altar of the Wu Jian Council.
  7372 | D:6      | Reached skill level 8 in Long Blades
  8031 | D:7      | Found Weturghom's General Store.
  8034 | D:7      | Bought a potion of haste for 160 gold pieces
  8034 | D:7      | Bought a wand of paralysis (4) for 96 gold pieces
  8155 | D:7      | Reached XP level 9. HP: 75/78 MP: 9/9
  8322 | D:7      | Found a sparkling altar of Nemelex Xobeh.
  8541 | D:8      | Noticed Grum
  8560 | D:7      | Reached skill level 9 in Long Blades
  8735 | D:8      | Killed Grum
  9689 | D:8      | Reached skill level 10 in Long Blades
 10335 | D:9      | Reached skill level 1 in Evocations
 11302 | D:9      | Reached XP level 10. HP: 60/88 MP: 10/10
 11320 | D:9      | HP: 1/90 [yak (11)]
 11321 | D:9      | Slain by a yak

Illustrated notes

Levels and vault maps discovered:
D:1:      dpeg_arrival_erosion, layout_basic, serial_glass, glass_columns_c,
          glass_columns_a, glass_columns_a, glass_columns_a,
          shapermc_ecumenical_altar_gd, grunt_decor_junction, nrook_mini_vaults,
          st_stairs_4, serial_bayou_crossing
D:2:      layout_loops_ring, basic_altar, minmay_crystal_room, minmay_cut_off,
          uniq_robin
D:3:      layout_basic, mainiacjoe_overflow_24_doors, serial_shops,
          nicolae_shop_statue_plus, nicolae_shop_overgrown_old_shop, shop,
          nicolae_shop_statue_plus, shop, minmay_misc_feat_rugged,
          minmay_fractal_squares_diagonal_5
D:4:      layout_rooms, zin_statuary, minivault_27
D:5:      layout_basic, minitemple, minmay_temple_entry_proselytizer,
          minmay_door_square
D:6:      layout_basic, mainiacjoe_overflow_paths,
          mainiacjoe_overflow_cross_hatched, uniq_eustachio
D:7:      corexii_shack_village, layout_rooms,
          nemelex_xobeh_ov_fountains_minmay, serial_undead, serial_undead_f,
          serial_undead_d, serial_undead_c, serial_undead_e, serial_shops,
          nicolae_shop_window_shopping
D:8:      layout_rooms, uniq_grum
D:9:      layout_loops_ring, nrook_pool_corridor
Temple:   cyrus_circular_temple

Skill      XL: |  1  2  3  4  5  6  7  8  9 |
---------------+----------------------------+-----
Throwing       | 2 |  2.0
Dodging        | 3 4 5 6 7 |  7.3
Fighting       | 3 4 5 6 8 |  8.4
Long Blades    | 4 5 7 8 10 | 10.4
Evocations     | 2 |  2.7

Action                   |  1- 3 |  4- 6 |  7- 9 | 10-12 || total
-------------------------+-------+-------+-------+-------++-------
Melee: Long sword        |   111 |   243 |   373 |    15 ||   742
       Tailslap          |    12 |    33 |    53 |     5 ||   103
       Punch             |     1 |       |     8 |       ||     9
Invok: Potion Petition   |       |       |     1 |     1 ||     2
 Abil: Breathe Fire      |       |       |    16 |     1 ||    17
  Use: Scroll            |       |     8 |     6 |       ||    14
       Potion            |       |       |     2 |     1 ||     3
 Stab: Sleeping          |     1 |     2 |       |       ||     3
       Distracted        |       |       |     1 |       ||     1
Armor: Skin              |    30 |   105 |   126 |     3 ||   264
Dodge: Dodged            |    83 |   178 |   363 |     8 ||   632

Table legend: (Time is in decaauts)
 A = Elapsed time spent in this place.
 B = Non-inter-level travel time spent in this place.
 C = Inter-level travel time spent in this place.
 D = Time resting spent in this place.
 E = Time spent auto-exploring this place.
 F = Levels seen in this place.
 G = Mean time per level.
                   A        B        C        D        E       F      G
               +--------+--------+--------+--------+--------+-----+--------+
         Total |  11373 |  11159 |    214 |   3587 |   5915 |  10 | 1137.3 |
       Dungeon |  11309 |  11099 |    210 |   3587 |   5873 |   9 | 1256.6 |
        Temple |     64 |     60 |      4 |      0 |     42 |   1 |   64.0 |
               +--------+--------+--------+--------+--------+-----+--------+

Top non-repeatable levels by time:
     D:6: 1602 daAuts
     D:2: 1518 daAuts
     D:5: 1508 daAuts
     D:8: 1291 daAuts
     D:7: 1268 daAuts
     D:1: 1113 daAuts
     D:4: 1089 daAuts
     D:9: 1003 daAuts
     D:3: 914 daAuts
  Temple: 64 daAuts
